AoeStats
← Jose Pedro Castillo Terrones

Hideout

503256834Analyzed
4v4 RM · 1mo ago on Aug 30, 2026· 50m 11s· 8 players
Game mode
Random Map
Map size
Large (8 player)
Population
200
Speed
Normal
Resources
Standard
Victory
Conquest
Starting age
Dark Age
Ending age
Imperial Age
RankedLock teamsTeams togetherTeam positionsShared explorationLock speedFull tech treeHidden civsTurbo modeCheats
Victory
Defeat
🇵🇪 Magyars · Peru
1226
+16
1213
+16
🇺🇸 Bulgarians · United States
1181
+18
🇺🇸 Khmer · United States
1168
+19
🇬🇧 Spanish · United Kingdom
1250
-18
🇬🇧 Khmer · United Kingdom
1236
-18
🇫🇷 Franks · France
1205
-16
🇬🇧 Britons · United Kingdom
1204
-16
iGSOjDaJuiceMan
9:58 Feudal Age
14:26 Castle Age
18:47 Double-Bit Axe
20:07 Bow Saw
20:15 Husbandry
20:26 Bloodlines
24:25 Forging
25:10 Scale Barding Armor
31:56 Gold Mining
31:56 Stone Mining
31:56 Loom
36:37 Imperial Age
35:52 Iron Casting
35:38 Chain Barding Armor
39:12 Blast Furnace
38:48 Plate Barding Armor
39:20 Cavalier
42:09 Capped Ram
LeightonDunk11
8:51 Loom
11:03 Feudal Age
11:23 Loom
13:26 Fletching
15:40 Castle Age
14:02 Double-Bit Axe
14:02 Horse Collar
14:54 Fletching
16:44 Double-Bit Axe
19:30 Wheelbarrow
23:22 Padded Archer Armor
29:03 Leather Archer Armor
31:10 Bow Saw
38:10 Bloodlines
38:01 Husbandry
41:41 Imperial Age
40:01 Hand Cart
39:52 Bodkin Arrow
43:25 Forging
43:21 Scale Barding Armor
42:53 Cavalier
45:09 Iron Casting
44:25 Paladin
45:52 Chain Barding Armor
49:30 Blast Furnace
EqualGoat795961
3:04 Loom
10:01 Feudal Age
23:29 Castle Age
goenka
11:29 Feudal Age
12:23 Double-Bit Axe
16:34 Castle Age
16:06 Scale Barding Armor
16:24 Forging
19:38 Stone Mining
28:31 Pikeman
29:12 Squires
29:52 Scale Mail Armor
30:28 Iron Casting
33:22 Chain Mail Armor
36:33 Fletching
38:33 Wheelbarrow
37:44 Town Watch
37:45 Loom
43:50 Imperial Age
43:51 Halberdier
squeeman
11:43 Feudal Age
14:32 Castle Age
13:19 Loom
13:30 Gold Mining
13:22 Horse Collar
14:04 Double-Bit Axe
15:01 Scale Barding Armor
15:17 Heavy Plow
15:55 Bow Saw
16:47 Forging
17:33 Bloodlines
18:32 Husbandry
21:25 Chain Barding Armor
25:41 Wheelbarrow
29:26 Iron Casting
31:35 Hand Cart
33:41 Tusk Swords
37:12 Imperial Age
34:41 Fletching
38:45 Plate Barding Armor
39:11 Blast Furnace
37:56 Elite Ballista Elephant
38:38 Double Crossbow
38:59 Conscription
44:40 Gold Shaft Mining
43:55 Stone Mining
44:40 Crop Rotation
44:59 Bodkin Arrow
45:09 Elite Battle Elephant
45:54 Bracer
45:58 Murder Holes
46:14 Masonry
46:25 Ballistics
47:05 Chemistry
46:52 Siege Engineers
51:13 Architecture
brantosaurus
6:18 Loom
9:15 Feudal Age
9:48 Double-Bit Axe
11:43 Horse Collar
19:34 Castle Age
17:43 Gold Mining
17:55 Stone Mining
18:39 Scale Barding Armor
21:25 Bow Saw
21:17 Heavy Plow
21:57 Fletching
22:43 Bodkin Arrow
23:12 Chain Barding Armor
22:52 Scale Mail Armor
23:03 Forging
29:28 Bloodlines
29:19 Husbandry
31:39 Wheelbarrow
30:50 Town Watch
31:43 Chain Mail Armor
32:03 Iron Casting
32:54 Squires
32:39 Arson
36:10 Imperial Age
34:01 Hand Cart
37:27 Conscription
37:04 Stirrups
37:17 Stirrups
38:49 Crop Rotation
39:03 Gold Shaft Mining
39:05 Stone Shaft Mining
38:55 Town Patrol
38:34 Elite Konnik
40:42 Plate Barding Armor
41:08 Blast Furnace
40:38 Plate Mail Armor
40:24 Masonry
40:20 Siege Engineers
40:43 Bracer
41:28 Ballistics
42:19 Chemistry
41:50 Architecture
41:16 Murder Holes
43:05 Coinage
44:16 Banking
Jose Pedro Castillo Terrones
7:15 Loom
9:53 Feudal Age
12:42 Fletching
20:28 Castle Age
20:12 Gold Mining
20:05 Horse Collar
50:35 Imperial Age
CP7
10:43 Feudal Age
15:22 Castle Age
14:06 Horse Collar
14:17 Double-Bit Axe
18:58 Horse Collar
20:52 Scale Barding Armor
23:06 Bloodlines
28:34 Fletching
29:34 Husbandry
29:45 Bodkin Arrow
30:37 Chain Barding Armor
30:08 Elite Skirmisher
31:10 Padded Archer Armor
35:48 Leather Archer Armor
36:00 Ballistics
45:00 Wheelbarrow
45:03 Coinage
51:03 Imperial Age
Connection lost

Rejoining the realm…

Still unreachable

The connection could not be restored.

Session expired

The server has moved on; the page needs a fresh start.